 Dungeon Crawl Stone Soup version 0.26-a0-818-g75db068ed4 (webtiles) character file.

Game seed: 11503586514573272231

17866 marklar909 the Basher (level 12, -4/110 HPs)
             Began as a Purple Draconian Berserker on Nov 14, 2020.
             Was a High Priest of Trog.
             Slain by a fire giant
             ... wielding a +2 great sword of flaming
              (22 damage)
             ... on level 11 of the Dungeon.
             The game lasted 00:24:30 (16213 turns).

marklar909 the Basher (Purple Draconian Berserker) Turns: 16213, Time: 00:24:31

Health: -4/110     AC: 11    Str: 22    XL:     12   Next: 22%
Magic:  12/12      EV: 20    Int:  8    God:    Trog [*****.]
Gold:   954        SH:  0    Dex: 19    Spells: 11/11 levels left

rFire    + . .     SeeInvis +   H - +2 morningstar (protect)
rCold    + . .     Faith    .   (no shield)
rNeg     . . .     Spirit   .   (armour unavailable)
rPois    +         Reflect  .   (helmet restricted)
rElec    +         Harm     .   (no cloak)
rCorr    +         Rampage  .   C - +1 pair of gloves
MR       +....                  A - +0 pair of boots
Stlth    +++.......             (no amulet)
HPRegen  0.28/turn              b - ring of see invisible
MPRegen  0.13/turn              i - +6 ring of dexterity

@: resistant
A: breathe power, unfitting armour, cold-blooded, AC +8
a: Breathe Dispelling Energy, Berserk, Trog's Hand, Brothers in Arms, Renounce
Religion


You were on level 11 of the Dungeon.
You worshipped Trog.
Trog was extremely pleased with you.
You visited 1 branch of the dungeon, and saw 12 of its levels.

You collected 954 gold pieces.

Inventory:

Hand Weapons
 s - the +9 whip "Haymacs" {freeze, Int+5}
   (You found it on level 9 of the Dungeon)

   It has been specially enchanted to freeze those struck by it, causing extra
   injury to most foes and up to half again as much damage against particularly
   susceptible opponents.
   It can also slow down cold-blooded creatures.
   It affects your intelligence (+5).
 H - a +2 morningstar of protection (weapon)
Armour
 A - a +0 pair of boots (worn)
 C - a +1 pair of gloves (worn)
Jewellery
 b - a ring of see invisible (left hand)
 f - a cursed ring of attention {unknown}
 i - a +6 ring of dexterity (right hand)
 r - an uncursed ring of fire {unknown}
 w - a cursed ring of positive energy
 x - a +6 ring of strength
 G - an uncursed ring of positive energy
Wands
 q - a wand of disintegration (13)
 u - a wand of polymorph (7)
 y - a wand of digging (5)
 z - a wand of iceblast (5)
 B - a wand of flame (23)
 F - a wand of random effects (25)
Scrolls
 c - 3 scrolls of fear
 d - 8 scrolls of remove curse
 j - 3 scrolls of teleportation
 k - 5 scrolls of magic mapping
 o - 3 scrolls of identify
 I - a scroll of holy word
Potions
 a - 3 potions of might
 e - 2 potions of lignification
 g - 6 potions of curing
 h - 2 potions of flight
 l - a potion of heal wounds {unknown}
 m - a potion of resistance
 n - 2 potions of haste {unknown}
 p - 3 potions of attraction {unknown}
 t - a potion of invisibility {unknown}
 v - a potion of mutation {unknown}
 D - 2 potions of degeneration {unknown}
 E - a potion of magic {unknown}


   Skills:
 * Level 11.0 Fighting
 + Level 12.9 Maces & Flails
 * Level 9.2 Dodging
 + Level 5.8 Stealth
 * Level 5.7 Evocations


You had 11 spell levels left.
You didn't know any spells.
Your spell library was empty.

Dungeon Overview and Level Annotations

Branches:
Dungeon (12/15)            Temple (0/1) D:4            Lair (0/6) D:8
    Orc (0/2) D:10

Altars:
Cheibriados
Fedhas
Hepliaklqana
Nemelex Xobeh
Okawaru
Trog
Uskayaw
Vehumet
Xom
Yredelemnul
Zin

Shops:
D:4 }


Innate Abilities, Weirdness & Mutations

You can breathe bolts of dispelling energy.
Your rich purple scales are hard. (AC +8)
You cannot fit into any form of body armour.
You are cold-blooded and may be slowed by cold attacks.


Message History

There are monsters nearby!
You are too injured to fight recklessly!
There are monsters nearby!
You are too injured to fight recklessly!
There are monsters nearby!
There are monsters nearby!
You are too injured to fight recklessly!
Unknown command.
As you read the scroll of fear, it crumbles to dust.
You assume a fearsome visage.
The fire giant resists with almost no effort.
The frost giant resists with almost no effort.
The frost giant casts a spell at you. The bolt of cold hits you!!
* * * LOW HITPOINT WARNING * * *
Okay, then.
Okay, then.
You feel protected.
The fire giant hits you with a +2 great sword of flaming!!
You die...

...#.......[.##.#.#.#.###....#..#
.#.##....#..##...#.#...##..#.#..#
.#.#..#..#...##.#...#.######.####
.#.#####'#########'#########'####
.#.##.......## #.#.## #...#.#...
.#.#.#.....#.# #.###.###.#.#.#.#.
.#.#..#...#..##.##.##.##...#...#.
.#.#...#.#...#.##[|=##.#...#...#.
.#.+....#....'#.@C# ##'.#.#.#.#.
.[.#)..#.#...#.##C=:##.#.#...#...
#..#..#...#..##.##.##.##.#...#...
#..#.#.....#.# #.###.# #.#.#.#.#.
#..##.......## #.#.# #...#.#...
#..#####'#########+#########+####
#..# ##...## #..##..#..###.....##
#..###.....###.#).#.##.##.......#
#..##...#...####.###..##...###...


You could see a frost giant and a fire giant.

Vanquished Creatures
  2 two-headed ogres
  Pikel (D:5)
  An ugly thing (D:11)
  2 manticores
  A cyclops (D:12)
  Maggie (D:6)
  3 gargoyles
  A komodo dragon (D:11)
  A troll (D:10)
  A wind drake (shapeshifter) (D:11)
  A hornet (D:11)
  A slime creature (D:12)
  2 wyverns
  6 yaks
  A shadow (D:12)
  A basilisk (D:8)
  Grum (D:9)
  2 steam dragons (D:7)
  Edmund (D:5)
  An acid dragon (D:12)
  8 orc warriors
  A phantom (D:9)
  9 ice beasts
  A black bear (D:8)
  5 sky beasts
  An eye of draining (D:10)
  8 centaurs
  A necrophage (D:5)
  2 wolves (D:9)
  7 ogres
  2 big kobolds (D:11)
  A lemure (D:5)
  11 bullfrogs
  A gnoll sergeant (D:9)
  A water moccasin zombie (D:6)
  5 scorpions
  33 killer bees
  17 wights
  2 electric eels (D:11)
  2 howler monkeys
  5 jellies
  A centaur zombie (D:6)
  3 hounds
  A bullfrog zombie (D:11)
  4 centaur skeletons
  6 orc priests
  16 orc wizards
  5 bullfrog skeletons
  A gnoll shaman (D:6)
  4 iguanas
  9 worker ants
  A killer bee zombie (D:8)
  A mummy (D:5)
  3 hound zombies
  5 hound skeletons
  A worker ant zombie (D:10)
  13 adders
  16 gnolls
  2 shadow imps
  3 white imps
  2 ufetubi (D:5)
  An adder zombie (D:6)
  2 adder skeletons (D:4)
  2 worms (D:3)
  3 dart slugs
  6 leopard geckos
  57 orcs
  2 ball pythons
  7 bats
  6 giant cockroaches
  5 goblins
  4 hobgoblins
  11 jackals
  7 kobolds
  5 quokkas
  6 frilled lizards
  A hobgoblin zombie (D:5)
  A jackal skeleton (D:6)
  A jackal zombie (D:6)
  A kobold zombie (D:5)
  A leopard gecko zombie (D:6)
  2 orc zombies (D:5)
  A quokka skeleton (D:5)
  A quokka zombie (D:6)
  2 rats (D:2)
386 creatures vanquished.

Vanquished Creatures (collateral kills)
  3 slime creatures (D:12)
  A wight (D:12)
4 creatures vanquished.

Vanquished Creatures (others)
  An adder (D:11)
  2 withered plants (D:6)
3 creatures vanquished.

Grand Total: 393 creatures vanquished

Notes
Turn   | Place    | Note
-------+----------+-------------------------------------------
     0 | D:1      | marklar909 the Draconian Berserker began the quest for the
                  | Orb.
     0 | D:1      | Reached XP level 1. HP: 19/19 MP: 1/1
    91 | D:1      | You fall into a shaft and drop 1 floor!
   211 | D:2      | Found a hide-covered altar of Uskayaw.
   318 | D:2      | Reached XP level 2. HP: 26/26 MP: 2/2
   808 | D:2      | Noticed a bullfrog
   813 | D:2      | Killed a bullfrog
   814 | D:2      | Reached skill level 4 in Maces & Flails
   814 | D:2      | Reached XP level 3. HP: 27/33 MP: 3/3
   814 | D:2      | Reached XP level 4. HP: 32/40 MP: 4/4
   961 | D:2      | Reached ** piety under Trog
  1505 | D:3      | Reached XP level 5. HP: 46/46 MP: 5/5
  2238 | D:4      | Found a staircase to the Ecumenical Temple.
  2243 | D:4      | Reached skill level 5 in Maces & Flails
  2268 | D:4      | Found Loenlonn's Gadget Shop.
  2416 | D:4      | Noticed an ogre
  2426 | D:4      | Killed an ogre
  2427 | D:4      | Reached XP level 6. HP: 43/53 MP: 6/6
  2580 | D:4      | Found a hazy altar of Hepliaklqana.
  2753 | D:4      | You fall into a shaft and drop 3 floors!
  3033 | D:6      | Reached skill level 6 in Maces & Flails
  3033 | D:6      | Reached skill level 1 in Stealth
  3043 | D:6      | Your scales start taking on a rich purple colour.
  3043 | D:6      | Reached XP level 7. HP: 60/60 MP: 7/7
  3192 | D:5      | Entered Level 5 of the Dungeon
  3198 | D:5      | Reached *** piety under Trog
  3202 | D:5      | Reached skill level 5 in Fighting
  3308 | D:5      | Noticed Edmund
  3320 | D:5      | Killed Edmund
  3321 | D:5      | Reached skill level 7 in Maces & Flails
  3453 | D:4      | Found a shimmering altar of Xom.
  3737 | D:5      | Found a sparkling altar of Nemelex Xobeh.
  3737 | D:5      | Found a radiant altar of Vehumet.
  3742 | D:5      | Found a bloodstained altar of Trog.
  3744 | D:5      | Found a blossoming altar of Fedhas.
  3746 | D:5      | Found a basalt altar of Yredelemnul.
  3891 | D:5      | Reached XP level 8. HP: 47/69 MP: 8/8
  4139 | D:5      | Reached skill level 8 in Maces & Flails
  4500 | D:5      | Noticed Pikel
  4514 | D:5      | Killed Pikel
  4515 | D:5      | Reached skill level 9 in Maces & Flails
  4515 | D:5      | Reached skill level 5 in Dodging
  4715 | D:5      | Found a snail-covered altar of Cheibriados.
  4826 | D:6      | Reached XP level 9. HP: 76/76 MP: 9/9
  5045 | D:6      | Reached **** piety under Trog
  5351 | D:6      | Reached skill level 10 in Maces & Flails
  5447 | D:6      | Noticed Maggie
  5461 | D:6      | Killed Maggie
  6152 | D:7      | Found a glowing silver altar of Zin.
  6747 | D:7      | Reached skill level 11 in Maces & Flails
  6747 | D:7      | Reached XP level 10. HP: 38/85 MP: 10/10
  7431 | D:8      | Reached ***** piety under Trog
  8248 | D:8      | Found an iron altar of Okawaru.
  8279 | D:8      | Found a bloodstained altar of Trog.
  8605 | D:8      | Found a staircase to the Lair.
  8613 | D:8      | Reached skill level 1 in Evocations
  8958 | D:9      | Reached skill level 5 in Stealth
  9143 | D:9      | Noticed a two-headed ogre
  9158 | D:9      | Killed a two-headed ogre
  9261 | D:9      | Got a warped whip
  9262 | D:9      | Identified the +9 whip "Haymacs" {freeze, Int+5} (You found
                  | it on level 9 of the Dungeon)
  9460 | D:9      | Noticed Grum
  9484 | D:9      | Killed Grum
 10004 | D:10     | Entered Level 10 of the Dungeon
 10120 | D:10     | Reached XP level 11. HP: 91/96 MP: 11/11
 10330 | D:10     | Received a gift from Trog
 10775 | D:10     | Reached skill level 12 in Maces & Flails
 11381 | D:10     | Found a staircase to the Orcish Mines.
 11851 | D:11     | Noticed a cyan ugly thing
 11863 | D:11     | Killed a cyan ugly thing
 11865 | D:11     | Noticed a two-headed ogre
 12422 | D:12     | Reached skill level 10 in Fighting
 12663 | D:12     | Received a gift from Trog
 14087 | D:12     | Reached skill level 5 in Evocations
 15103 | D:11     | Reached XP level 12. HP: 66/108 MP: 12/12
 15197 | D:11     | Killed a two-headed ogre
 16209 | D:11     | Noticed a frost giant
 16210 | D:11     | Noticed a fire giant
 16213 | D:11     | Slain by a fire giant

Illustrated notes

Levels and vault maps discovered:
D:1:      enne_arrival_octagon_isle, layout_basic
D:2:      layout_basic, lemuel_crystal_altar
D:3:      layout_basic
D:4:      layout_loops_ring, nicolae_overflow_hidden_temple, marbit_many_paths,
          minmay_temple_entry_overgrown, serial_shops, shop
D:5:      layout_loops_ring, kennysheep_mini,
          chequers_temple_overflow_minitemple, minmay_misc_feat_enclosed,
          grunt_decor_arrowhead, minmay_mini_ossuary, uniq_pikel, uniq_edmund
D:6:      layout_loops_ring, serial_undead, serial_undead_a, serial_undead_a,
          serial_undead_e, serial_undead_c, serial_undead_c,
          nicolae_water_bricks, uniq_maggie
D:7:      cheibrodos_steamvent, layout_cave_pods, zin_statuary, enter_bailey_2
D:8:      layout_loops_ring, kennysheep_okawaru_gauntlet, david_lair_generic,
          basic_altar
D:9:      layout_rooms, uniq_grum
D:10:     layout_roguey, hiddenorc1_lemuel, minmay_radiant
D:11:     minmay_the_grid_3x3 [minmay_the_grid_outer_diamond,
          minmay_the_grid_all_tris, minmay_the_grid_outer_circle,
          minmay_the_grid_x, minmay_the_grid_broken_lines,
          minmay_the_grid_spikes, minmay_the_grid_diamond_grid,
          minmay_the_grid_rooms, minmay_the_grid_prize_diamond_cup],
          layout_basic
D:12:     layout_gridville, minmay_holes

Skill      XL: |  1  2  3  4  5  6  7  8  9 10 11 12 |
---------------+-------------------------------------+-----
Dodging        | 3 4 5 6 7 8 9 |  9.2
Fighting       | 4 5 6 7 9 10 11 | 11.0
Maces & Flails | 4 5 6 7 9 11 12 | 12.9
Stealth        | 1 3 4 5 |  5.8
Evocations     | 3 5 |  5.7

Action                   |  1- 3 |  4- 6 |  7- 9 | 10-12 || total
-------------------------+-------+-------+-------+-------++-------
Melee: Mace              |    52 |    77 |       |       ||   129
       Tailslap          |     4 |    21 |    54 |   119 ||   198
       Flail             |       |    68 |   308 |    32 ||   408
       Morningstar       |       |       |       |   573 ||   573
       Whip              |       |       |       |    30 ||    30
       Great mace        |       |       |       |    34 ||    34
Invok: Berserk           |     2 |     6 |    14 |    18 ||    40
       Trog's Hand       |       |       |     2 |     6 ||     8
       Brothers in Arms  |       |       |       |     1 ||     1
 Abil: Breathe Dispellin |       |       |     8 |    13 ||    21
Evoke: Wand              |       |       |       |     7 ||     7
  Use: Scroll            |       |       |     5 |    17 ||    22
       Potion            |       |       |       |     4 ||     4
 Stab: Sleeping          |     1 |       |     8 |    17 ||    26
       Distracted        |       |       |       |     3 ||     3
Armor: Skin              |    16 |    33 |    64 |   229 ||   342
Dodge: Dodged            |    34 |   115 |   203 |   707 ||  1059

Table legend: (Time is in decaauts)
 A = Elapsed time spent in this place.
 B = Non-inter-level travel time spent in this place.
 C = Inter-level travel time spent in this place.
 D = Time resting spent in this place.
 E = Time spent auto-exploring this place.
 F = Levels seen in this place.
 G = Mean time per level.
                   A        B        C        D        E       F      G
               +--------+--------+--------+--------+--------+-----+--------+
         Total |  16544 |  15588 |    956 |   2495 |  10441 |  12 | 1378.7 |
       Dungeon |  16544 |  15588 |    956 |   2495 |  10441 |  12 | 1378.7 |
               +--------+--------+--------+--------+--------+-----+--------+

Top non-repeatable levels by time:
    D:12: 2829 daAuts
    D:11: 1738 daAuts
     D:7: 1647 daAuts
     D:6: 1576 daAuts
     D:9: 1436 daAuts
     D:5: 1370 daAuts
    D:10: 1299 daAuts
     D:2: 1254 daAuts
     D:8: 1253 daAuts
     D:3: 1103 daAuts
     D:4: 944 daAuts
     D:1: 91 daAuts
